 Dungeon Crawl Stone Soup version 0.31-a0-1612-g4aaf141004 (webtiles) character file.

Game seed: 18292006828300862450

245336 MacCMillion the Slayer (level 18, -32/192 HPs)
             Began as a Minotaur Fighter on Jan 9, 2024.
             Was the Champion of the Shining One.
             Killed from afar by an ironbound thunderhulk (39 damage)
             ... with a bolt of lightning
             ... on level 2 of the Vaults.
             The game lasted 00:57:38 (35933 turns).

MacCMillion the Slayer (Minotaur Fighter)          Turns: 35933, Time: 00:57:38

Health: -32/192    AC: 22    Str: 36    XL:     18   Next: 76%
Magic:  26/26      EV: 11    Int:  5    God:    the Shining One [******]
Gold:   2974       SH: 12    Dex:  9    Spells: 17/17 levels left

rFire   x . .        G - +2 war axe (flame)
rCold   + + .        c - +0 kite shield
rNeg    + + +        Z - +0 plate armour
rPois   +            Q - +2 hat
rElec   .            (no cloak)
rCorr   .            (no gloves)
SInv    .            I - +2 pair of boots {Fly}
Will    +....        (no amulet) Stlth
                     T - ring of ice
HPRegen 0.52/turn    K - ring "Agie" {rPois rC+ rN+ Str+6}
MPRegen 0.20/turn

%: no passive effects
@: flying, glowing
A: horns 2, retaliatory headbutt
}: 2/15 runes: decaying, gossamer
a: Renounce Religion, Divine Shield, Cleansing Flame, Summon Divine Warrior,
Brand Weapon With Holy Wrath


You were on level 2 of the Vaults.
You worshipped the Shining One.
The Shining One was exalted by your worship.
You visited 7 branches of the dungeon, and saw 33 of its levels.
You also visited: Gauntlet.

You collected 3144 gold pieces.
You spent 170 gold pieces at shops.

Inventory:

Hand Weapons
 C - a +3 war axe
 G - a +2 war axe of flaming (weapon)
Missiles
 n - 3 atropa-tipped darts
 J - 23 poisoned darts
 M - 15 javelins
 P - 14 boomerangs
 W - 2 curare-tipped darts
Armour
 c - a +0 kite shield (worn)
 I - a +2 pair of boots of flying (worn)
 Q - a +2 hat (worn)
 Z - a +0 plate armour (worn)
Jewellery
 h - a +6 ring of strength
 k - a ring of resist corrosion
 A - an amulet of reflection
 E - the amulet of the Tempest {rN+ Regen+ MP+9 Int+2}
   (You acquired it on level 2 of the Swamp)

   [amulet of regeneration]

   Int+2:     It affects your intelligence (+2).
   rN+:       It protects you from negative energy.
   MP+9:      It affects your magic capacity (+9).
   Regen+:    It increases your rate of health regeneration.
 K - the ring "Agie" (right hand) {rPois rC+ rN+ Str+6}
   (You found it on level 11 of the Dungeon)

   [ring of strength]

   Str+6:     It affects your strength (+6).
   rC+:       It protects you from cold.
   rPois:     It protects you from poison rN+: It protects you from negative
   energy.
 R - a +4 ring of protection
 T - a ring of ice (left hand)
 X - the amulet "Yschubin" {Acrobat Will+ Dex+6}
   (You found it on level 5 of the Lair of Beasts)

   [amulet of the acrobat]

   Acrobat:   It increases your evasion while moving and waiting.
   Dex+6:     It affects your dexterity (+6).
   Will+:     It increases your willpower.
Wands
 l - a wand of roots (25)
 r - a wand of charming (58)
 v - a wand of flame (21) (quivered)
 V - a wand of digging (12)
Scrolls
 a - 8 scrolls of fog
 f - 5 scrolls of immolation
 i - a scroll of revelation
 q - 4 scrolls of noise
 s - 6 scrolls of fear
 t - 5 scrolls of silence
 u - 5 scrolls of enchant armour
 y - a scroll of brand weapon
 z - 5 scrolls of blinking
 B - 7 scrolls of teleportation
 D - 5 scrolls of enchant weapon
 F - 3 scrolls of summoning
Potions
 b - 6 potions of magic
 d - 8 potions of might
 e - 15 potions of curing
 g - 5 potions of attraction
 j - 8 potions of mutation
 m - a potion of berserk rage
 o - 10 potions of heal wounds
 p - a potion of resistance
 w - 8 potions of enlightenment
 x - 8 potions of cancellation
 H - 3 potions of haste
 L - 2 potions of ambrosia
 S - 5 potions of lignification
Miscellaneous
 N - a lightning rod (4/4)
 O - a phantom mirror


   Skills:
 - Level 24.6 Fighting
 - Level 16.0 Axes
 - Level 16.0 Armour
 - Level 10.0 Dodging
 + Level 15.3 Shields
 - Level 12.0 Invocations
 - Level 8.0 Evocations


You had 17 spell levels left.
You didn't know any spells.
Your spell library contained the following spells:

 Spells                   Type           Power      Damage    Failure   Level
 Apportation              Tloc           0%         N/A       95%         1
 Kiss of Death            Conj/Necr      0%         2d5       95%         1
 Sting                    Conj/Alch      0%         1d3       95%         1
 Cigotuvi's Dreadful Rot  Necr/Alch/Air  0%         N/A       99%         2
 Ensorcelled Hibernation  Hex/Ice        0%         N/A       99%         2
 Jinxbite                 Hex            0%         N/A       99%         2
 Mercury Vapours          Alch/Air       0%         N/A       99%         2
 Passwall                 Erth           0%         N/A       100%        3
 Stone Arrow              Conj/Erth      0%         3d7       100%        3
 Swiftness                Air            0%         N/A       100%        3
 Anguish                  Hex/Necr       0%         N/A       100%        4
 Animate Armour           Summ/Erth      0%         N/A       100%        4
 Cause Fear               Hex            0%         N/A       100%        4
 Fulminant Prism          Conj/Alch      0%         3d5       100%        4
 Ignite Poison            Fire/Alch      0%         N/A       100%        4
 Olgreb's Toxic Radiance  Alch           0%         N/A       100%        4
 Petrify                  Alch/Erth      0%         N/A       100%        4
 Sticky Flame             Fire/Alch      0%         2d4       100%        4
 Alistair's Intoxication  Alch           0%         N/A       100%        5
 Borgnjor's Vile Clutch   Necr/Erth      0%         N/A       100%        5
 Freezing Cloud           Conj/Ice/Air   0%         6-21      100%        5
 Iskenderun's Battlesphe  Conj           0%         2d6       100%        5
 Eringya's Noxious Bog    Alch           0%         4d6       100%        6
 Enfeeble                 Hex            0%         N/A       100%        7
 Ignition                 Fire           0%         3d3       100%        8
 Lehudib's Crystal Spear  Conj/Erth      0%         10d2      100%        8


Dungeon Overview and Level Annotations

Branches:
Dungeon (15/15)            Temple (1/1) D:7            Lair (5/5) D:9
  Swamp (4/4) Lair:2       Spider (4/4) Lair:3        Slime (0/5) Lair:5
    Orc (2/2) D:12            Elf (0/3) Orc:2        Vaults (2/5) D:13
 Depths (0/4) D:15        Gauntlet (visited)
  Crypt: Vaults:2-3

Altars:
Ashenzari
Cheibriados
Dithmenos
Elyvilon
Fedhas
Gozag
Hepliaklqana
Kikubaaqudgha
Makhleb
Nemelex Xobeh
Okawaru
Qazlal
Ru
Sif Muna
Trog
Uskayaw
Vehumet
Wu Jian
Xom
Yredelemnul
Zin
The Shining One
Jiyva
Lugonu

Shops:
D:6 ?   D:8 (   Orc:2 :=*((   Vaults:1 (   Vaults:2 =[

Portals:
Abyss: Lair:5

Annotations:
Lair:3 3 runed translucent doors, paavali's ghost, journeyman FoFi
Lair:5 1 runed translucent door
Swamp:1 2 transporters
Orc:1 1 runed translucent door
Vaults:1 1 runed translucent door, theMacoje's ghost, adept OnHs


Innate Abilities, Weirdness & Mutations

You have a pair of horns on your head.
You reflexively headbutt those who attack you in melee.


Message History

You slice the redback!! You burn the redback!
You kill the redback!
You slash the dire elephant! You burn the dire elephant.
The dire elephant is lightly wounded.
You slash the dire elephant! You burn the dire elephant.
The dire elephant is lightly wounded.
The dire elephant tramples you but does no damage.
The dire elephant trunk-slaps you but does no damage.
Strange energies crackle from the ironbound thunderhulk's apparatus.
The ironbound thunderhulk blinks!
You slice the dire elephant!! You burn the dire elephant.
The dire elephant is moderately wounded.
You block the dire elephant's attack.
The dire elephant trunk-slaps you but does no damage.
You hit the dire elephant but do no damage.
You headbutt the dire elephant!
The dire elephant is moderately wounded.
You block the dire elephant's attack.
The dire elephant trunk-slaps you but does no damage.
You hit the dire elephant. You burn the dire elephant.
You headbutt the dire elephant.
The dire elephant is moderately wounded.
You slash the dire elephant! You burn the dire elephant!
You headbutt the dire elephant!
The dire elephant is severely wounded.
The dire elephant barely misses you. You furiously retaliate!
You headbutt the dire elephant. The dire elephant barely misses you.
The ironbound convoker gestures at the ironbound preserver while chanting.
The ironbound preserver seems to grow stronger.
Electricity crackles from the ironbound thunderhulk's apparatus.
The bolt of lightning hits you!!!
* * * LOW HITPOINT WARNING * * *
You slash the dire elephant! You burn the dire elephant.
You headbutt the dire elephant!
The dire elephant is almost dead.
The ironbound convoker casts a spell at the deep troll.
The deep troll seems to grow stronger.
Electricity crackles from the ironbound thunderhulk's apparatus.
The bolt of lightning hits you!!!
You die...

#..# ...# #..# ...#
########..# ...#
#......'..# O..#
#......#..##''##..#
###..###.Op.†..O..#
#..# #.pT.......#
#####'#####Y####'####
#.........@Y...# ..
'######..............#
.#
......'..............#
.#
......#..............#
+
......'..########....#
......#..#......#....#
......#..†......#....#
......#..#......#....#
......'..#......#


You could see 2 dire elephants, an ironbound preserver (strong), 2 ironbound
thunderhulks, a deep troll (strong, sheltered) and an ironbound convoker.

Vanquished Creatures
  Boris (Vaults:2)
  Bai Suzhen (Spider:4)
  Arachne (Spider:4)
  A sphinx (Vaults:2)
  Frances (D:12)
  3 thorn hunters
  Agnes (Spider:3)
  An azure jelly (Swamp:4)
  7 emperor scorpions
  4 vault wardens
  2 ghost moths
  Louise (Swamp:4)
  9 ironbound preservers
  2 broodmothers (Spider:4)
  A stone giant (Vaults:1)
  An ironbound thunderhulk (Vaults:2)
  A formless jellyfish (Vaults:1)
  4 eleionomae
  A deep elf death mage (Vaults:2)
  7 dire elephants
  10 bunyips
  A minotaur (Gauntlet)
  4 spark wasps (Spider:4)
  A yaktaur captain (Vaults:1)
  3 ettins
  A shambling mangrove (Swamp:4)
  2 entropy weavers
  2 ice dragons (Swamp:4)
  12 hydras
  2 great orbs of eyes
  4 vault guards
  Fannar (D:11)
  3 ogre magi
  A rakshasa (D:13)
  2 ghost crabs
  5 centaur warriors
  9 alligators
  11 two-headed ogres
  A death knight (D:13)
  9 boulder beetles
  3 radroaches
  A deep troll earth mage (D:15)
  A tengu warrior (D:15)
  9 demonic crawlers
  Sonja (Lair:5)
  2 thrashing horrors (Lair:5)
  5 goliath frogs
  28 deep trolls
  5 skeletal warriors
  6 pharaoh ants
  3 spriggan druids
  A death drake (Gauntlet)
  5 bog bodies
  2 arcanists
  4 harpies
  6 swamp dragons
  2 sun moths
  A phantasmal warrior (D:13)
  6 orb spiders
  2 ironbound convokers
  9 lindwurms
  A large abomination (Lair:5)
  A spectral wolf spider (Gauntlet)
  4 steelbarb worms
  An orc sorcerer (Orc:1)
  20 wolf spiders
  2 deep elf pyromancers (D:12)
  5 cyclopes
  A harpy (shapeshifter) (Lair:5)
  6 ugly things
  5 will-o-the-wisps
  A manticore (D:12)
  3 moths of wrath
  14 elephants
  A centaur zombie (Gauntlet)
  3 meliai (Spider:4)
  2 black mambas (shapeshifter)
  4 torpor snails
  2 smoke demons (Lair:5)
  A gargoyle (D:12)
  5 vault sentinels
  11 cane toads
  A rime drake (shapeshifter) (D:14)
  A komodo dragon (shapeshifter) (D:13)
  10 yaktaurs
  Jeremiah (D:7)
  7 komodo dragons
  6 freezing wraiths
  12 trolls
  2 polar bears
  8 hornets
  A wind drake (shapeshifter) (D:14)
  A wolf spider simulacrum (D:13)
  14 tarantellas
  9 tyrant leeches
  5 dream sheep (Lair:2)
  33 blink frogs
  A raiju (Lair:5)
  18 culicivoras
  33 jumping spiders
  2 ynoxinuls (Lair:5)
  9 slime creatures
  53 yaks
  3 basilisks (Lair:5)
  7 small abominations (Lair:5)
  2 wraiths (D:13)
  4 wyverns
  Eustachio (D:5)
  7 spriggans
  3 wargs
  3 steam dragons
  28 redbacks
  16 vampire mosquitoes
  6 swamp worm simulacra (Swamp:4)
  A chaos spawn (Lair:5)
  15 hydra simulacra (Swamp:4)
  3 acid dragons
  10 swamp worms
  11 water moccasins
  4 swamp drakes
  13 orc warriors
  An ice beast (D:7)
  A laughing skull (D:15)
  A sky beast (D:7)
  24 ogres
  3 black bears
  A boggart (D:15)
  28 wolves
  6 centaurs
  3 kobold brigands
  A phantom (D:7)
  12 bullfrogs
  2 gnoll sergeants
  2 scorpions (D:5)
  9 wights
  14 killer bees
  3 howler monkeys
  4 electric eels
  A bombardier beetle (D:5)
  5 hounds
  18 orc priests
  2 gnoll boudas
  4 sleepcaps
  6 iguanas
  28 orc wizards
  Natasha (D:3)
  4 hell rats (Lair:2)
  20 gnolls
  6 adders
  5 shadow imps
  12 white imps (D:11)
  An ufetubus (D:7)
  2 swamp drake simulacra (Swamp:4)
  2 dart slugs
  73 orcs
  9 ball pythons
  4 bats
  6 endoplasms
  3 giant cockroaches
  7 goblins
  5 hobgoblins
  7 jackals
  5 quokkas
  2 frilled lizards
  20 kobolds
  5 rats
  A butterfly (Swamp:1)
1072 creatures vanquished.

Vanquished Creatures (collateral kills)
  Rupert (Spider:1)
  A black mamba (Lair:5)
2 creatures vanquished.

Vanquished Creatures (others)
  A tarantella (Spider:4)
  A hell rat (Lair:2)
  28 foxfires
30 creatures vanquished.

Grand Total: 1104 creatures vanquished

Notes
Turn   | Place    | Note
-------+----------+-------------------------------------------
     0 | D:1      | MacCMillion the Minotaur Fighter began the quest for the
                  | Orb.
     0 | D:1      | Reached XP level 1. HP: 19/19 MP: 0/0
    73 | D:1      | Reached XP level 2. HP: 13/26 MP: 1/1
   542 | D:2      | Reached XP level 3. HP: 31/31 MP: 2/2
   953 | D:2      | Identified the +5 scale mail of Axkeah {Int+8 Stlth-}
  1184 | D:3      | Reached skill level 5 in Axes
  1188 | D:3      | Reached XP level 4. HP: 28/39 MP: 3/3
  1643 | D:3      | Found a faded altar of an unknown god.
  1653 | D:3      | Identified the +3 scale mail of the Devil's Advocate {*Slow
                  | Regen+ rCorr Slay+6}
  1738 | D:3      | Reached XP level 5. HP: 45/45 MP: 4/4
  1906 | D:3      | Found an opulent altar of Gozag.
  1910 | D:3      | Found a burning altar of Makhleb.
  1910 | D:3      | Noticed Natasha
  2091 | D:3      | Found an ornate altar of the Wu Jian Council.
  2688 | D:4      | Got the Disquisition on Coarse Conjuration
  2852 | D:4      | Reached XP level 6. HP: 51/51 MP: 5/5
  2863 | D:3      | Found a glowing silver altar of Zin.
  2863 | D:3      | Found a hide-covered altar of Uskayaw.
  2863 | D:3      | Found a hazy altar of Hepliaklqana.
  2866 | D:3      | Killed Natasha
  3255 | D:5      | Entered Level 5 of the Dungeon
  3256 | D:5      | Found a sparkling altar of Nemelex Xobeh.
  3444 | D:5      | Reached XP level 7. HP: 57/57 MP: 6/6
  3496 | D:5      | Found a snail-covered altar of Cheibriados.
  3511 | D:5      | Reached skill level 10 in Axes
  3587 | D:5      | Noticed Eustachio
  3604 | D:5      | Killed Eustachio
  3605 | D:5      | Reached skill level 4 in Fighting
  3605 | D:5      | Reached skill level 1 in Dodging
  3875 | D:5      | Reached XP level 8. HP: 64/67 MP: 7/7
  3965 | D:5      | Reached skill level 5 in Fighting
  3965 | D:5      | Reached skill level 5 in Armour
  4053 | D:6      | Found Lofeji's Magic Scroll Shoppe.
  4201 | D:6      | Bought a scroll of blinking for 90 gold pieces
  4201 | D:6      | Bought a scroll of identify for 24 gold pieces
  4299 | D:6      | Reached skill level 6 in Fighting
  4377 | D:6      | Found a glowing golden altar of the Shining One.
  4388 | D:6      | Became a worshipper of the Shining One
  4553 | D:6      | Identified the +3 falchion of the Ageless Lovers {drain,
                  | *Rage rN+ Dex+2}
  4727 | D:7      | Reached XP level 9. HP: 78/78 MP: 8/8
  4811 | D:7      | Reached skill level 7 in Fighting
  4962 | D:7      | Reached * piety under the Shining One
  4990 | D:7      | Noticed Jeremiah
  5002 | D:7      | Killed Jeremiah
  5065 | D:7      | Found a staircase to the Ecumenical Temple.
  5071 | Temple   | Entered the Ecumenical Temple
  5106 | D:7      | Reached skill level 8 in Fighting
  5614 | D:8      | Reached XP level 10. HP: 63/90 MP: 6/9
  5623 | D:8      | Reached skill level 9 in Fighting
  5687 | D:8      | Found Meemischoph's Weapon Boutique.
  5849 | D:8      | Identified the +7 dagger of Ynnogg {pain, rElec rC+}
  6347 | D:9      | Found a staircase to the Lair.
  6625 | D:9      | Reached ** piety under the Shining One
  6746 | D:9      | Reached skill level 10 in Fighting
  6882 | D:9      | Reached skill level 10 in Armour
  6891 | D:9      | Reached skill level 1 in Invocations
  6972 | D:9      | Found a basalt altar of Yredelemnul.
  7020 | D:10     | Entered Level 10 of the Dungeon
  7225 | D:10     | Found a sacrificial altar of Ru.
  7577 | D:10     | Found a shadowy altar of Dithmenos.
  7780 | D:11     | Reached XP level 11. HP: 39/99 MP: 6/13
  7861 | D:11     | Found a frozen archway.
  7861 | D:11     | Reached *** piety under the Shining One
  7914 | D:11     | Reached skill level 5 in Invocations
  7983 | D:11     | Identified the ring "Agie" {rPois rC+ rN+ Str+6}
  8040 | D:11     | Noticed Fannar
  8052 | D:11     | Killed Fannar
  8053 | D:11     | Reached skill level 15 in Axes
  8099 | D:11     | Noticed a skeletal warrior
  8099 | D:11     | Reached **** piety under the Shining One
  8126 | D:11     | Killed a skeletal warrior
  8209 | D:11     | Noticed a skeletal warrior
  8209 | D:11     | Noticed a skeletal warrior
  8209 | D:11     | Noticed a skeletal warrior
  8209 | D:11     | Noticed a skeletal warrior
  8299 | D:10     | Killed a skeletal warrior
  8472 | D:11     | Killed a skeletal warrior
  8527 | D:11     | Killed a skeletal warrior
  8698 | D:11     | Killed a skeletal warrior
  9087 | Lair:1   | Entered Level 1 of the Lair of Beasts
  9272 | Lair:1   | Reached XP level 12. HP: 75/106 MP: 11/17
  9347 | Lair:1   | Noticed a boulder beetle
  9358 | Lair:1   | Killed a boulder beetle
  9465 | Lair:1   | Found a gate leading to a gauntlet.
  9476 | Lair:1   | Reached skill level 10 in Invocations
  9481 | Gauntlet | Entered a Gauntlet
  9481 | Gauntlet | Found a transporter.
  9587 | Gauntlet | Found a runed translucent door.
  9591 | Gauntlet | Found a transporter.
  9605 | Gauntlet | Found a transporter.
  9608 | Gauntlet | Noticed a great orb of eyes
  9615 | Gauntlet | Found a transporter.
  9631 | Gauntlet | Found a transporter.
  9642 | Gauntlet | Found a transporter.
  9654 | Gauntlet | Found a transporter.
  9671 | Gauntlet | Found a transporter.
  9682 | Gauntlet | Found a transporter.
  9684 | Gauntlet | Found a transporter.
  9742 | Gauntlet | Found a transporter.
  9743 | Gauntlet | Found a transporter.
  9744 | Gauntlet | Found a transporter.
  9755 | Gauntlet | Found a transporter.
  9839 | Gauntlet | Reached ***** piety under the Shining One
 10134 | Gauntlet | Identified the +2 hand axe "Suownan" {flame, rPois Str+6
                  | Int-4}
 10134 | Gauntlet | Noticed a minotaur
 10147 | Gauntlet | Killed a minotaur
 10855 | Lair:2   | Identified the +7 scale mail of Durable Satisfaction
                  | {^Contam rF+ rCorr Dex+3}
 10863 | Lair:2   | Reached skill level 11 in Fighting
 10943 | Lair:2   | Identified the +0 chain mail of the Thirteen Gods {rElec
                  | rF+ MP-9}
 10990 | Lair:2   | Reached skill level 5 in Dodging
 11182 | Lair:2   | Noticed a boulder beetle
 11191 | Lair:2   | Killed a boulder beetle
 11232 | Lair:2   | Noticed an alligator
 11239 | Lair:2   | Killed an alligator
 11240 | Lair:2   | Reached XP level 13. HP: 103/117 MP: 17/20
 11405 | Lair:2   | Found a staircase to the Swamp.
 11482 | Lair:3   | Reached skill level 12 in Fighting
 11634 | Lair:3   | Found a hole to the Spider Nest.
 11684 | Lair:3   | Identified the +10 hand axe "Asokh" {drain, rN+ Will++
                  | Dex-3}
 11687 | Lair:3   | Found a white marble altar of Elyvilon.
 11922 | Lair:3   | Noticed a minotaur
 11925 | Lair:3   | Noticed paavali's ghost (journeyman FoFi)
 12005 | Lair:3   | Found a runed translucent gate.
 12005 | Lair:3   | Found a runed translucent gate.
 12005 | Lair:3   | Found a runed translucent gate.
 12620 | Lair:4   | Reached skill level 13 in Fighting
 13127 | Lair:5   | Entered Level 5 of the Lair of Beasts
 13142 | Lair:5   | Found a runed translucent door.
 13143 | Lair:5   | Found a viscous altar of Jiyva.
 13143 | Lair:5   | Noticed an acid blob
 13145 | Lair:5   | Found a staircase to the Slime Pits.
 13394 | Lair:5   | Reached skill level 14 in Fighting
 13508 | Lair:5   | Reached skill level 10 in Dodging
 13519 | Lair:5   | Reached XP level 14. HP: 125/133 MP: 19/22
 13556 | Lair:5   | Noticed Sonja
 13559 | Lair:5   | Killed Sonja
 13664 | Lair:5   | Reached skill level 15 in Fighting
 13826 | Lair:5   | Identified the +2 robe of the Beggar {Rampage *Slow SInv}
 13839 | Lair:5   | Identified the amulet "Yschubin" {Acrobat Will+ Dex+6}
 14068 | Lair:5   | Found the +5 glaive of the Guard {elec, spectral}
 14118 | Lair:5   | Reached ****** piety under the Shining One
 14342 | Lair:5   | Found a corrupted altar of Lugonu.
 14342 | Lair:5   | Found a one-way gate to the infinite horrors of the Abyss.
 14842 | D:12     | Reached skill level 16 in Fighting
 14897 | D:12     | Noticed Frances
 14908 | D:12     | Killed Frances
 15029 | D:12     | Reached skill level 1 in Evocations
 15393 | D:12     | Found a staircase to the Orcish Mines.
 15793 | Orc:1    | Entered Level 1 of the Orcish Mines
 15952 | Orc:2    | Entered Level 2 of the Orcish Mines
 16169 | Orc:2    | Found Naurazya's Book Boutique.
 16213 | Orc:2    | Found Ofoen's General Store.
 16220 | Orc:2    | Found Geju's Antique Weapon Emporium.
 16223 | Orc:2    | Bought a potion of might for 56 gold pieces
 16228 | Orc:2    | Found Ogeelol's Jewellery Shop.
 16229 | Orc:2    | Found Uschoi's Weapon Shop.
 16287 | Orc:2    | Found a staircase to the Elven Halls.
 16320 | Orc:2    | Reached XP level 15. HP: 88/146 MP: 12/23
 17162 | Orc:1    | Reached skill level 17 in Fighting
 17227 | Orc:1    | Found a runed translucent door.
 17831 | D:13     | Reached skill level 5 in Evocations
 18010 | D:13     | Found a gate to the Vaults.
 18836 | D:14     | Found a sacrificial altar of Ru.
 19093 | D:15     | Entered Level 15 of the Dungeon
 19399 | D:15     | Found an ornate altar of the Wu Jian Council.
 19561 | D:15     | Found a staircase to the Depths.
 20054 | Spider:1 | Entered Level 1 of the Spider Nest
 20509 | Spider:1 | Reached skill level 18 in Fighting
 20754 | Spider:1 | Identified the +5 morningstar of Conflict {heavy, rF+ SInv}
 20877 | Spider:1 | Noticed Rupert
 21021 | Spider:1 | Killed Rupert
 21436 | Spider:1 | Reached skill level 15 in Armour
 21890 | Spider:2 | Noticed an emperor scorpion
 21900 | Spider:2 | Killed an emperor scorpion
 22274 | Spider:2 | Reached XP level 16. HP: 157/159 MP: 24/24
 22503 | Spider:3 | Reached skill level 19 in Fighting
 22528 | Spider:2 | HP: 7/160 [emperor scorpion (12)]
 22883 | Spider:3 | Noticed Agnes
 23838 | Spider:3 | Killed Agnes
 23839 | Spider:3 | Reached skill level 20 in Fighting
 24408 | Spider:4 | Entered Level 4 of the Spider Nest
 24514 | Spider:4 | Noticed Bai Suzhen
 24526 | Spider:4 | Killed Bai Suzhen
 24537 | Spider:4 | Reached skill level 21 in Fighting
 25178 | Spider:4 | Noticed Arachne
 25197 | Spider:4 | Killed Arachne
 25212 | Spider:4 | Reached skill level 22 in Fighting
 25647 | Spider:4 | Got a gossamer rune of Zot
 26112 | Spider:2 | Reached XP level 17. HP: 163/178 MP: 25/25
 26867 | Swamp:1  | Entered Level 1 of the Swamp
 27288 | Swamp:1  | Reached skill level 23 in Fighting
 27557 | Swamp:1  | Found a transporter.
 27605 | Swamp:1  | Found a transporter.
 27953 | Swamp:2  | Identified a scroll of acquirement
 27954 | Swamp:2  | Acquired the amulet of the Tempest {rN+ Regen+ MP+9 Int+2}
 28607 | Swamp:2  | Reached skill level 24 in Fighting
 28621 | Swamp:2  | Identified the +0 leather armour of Infinity {rPois rN+
                  | MP+9}
 29485 | Swamp:4  | Entered Level 4 of the Swamp
 29687 | Swamp:4  | Reached skill level 5 in Shields
 30338 | Swamp:4  | Got a decaying rune of Zot
 30547 | Swamp:4  | Noticed Louise
 30562 | Swamp:4  | Killed Louise
 30844 | Vaults:1 | Entered Level 1 of the Vaults
 31611 | Vaults:1 | Reached XP level 18. HP: 167/192 MP: 26/26
 31954 | Vaults:1 | Found a runed translucent door.
 31954 | Vaults:1 | Noticed theMacoje's ghost (adept OnHs)
 32051 | Vaults:1 | Found Idwy's Weapon Shoppe.
 32122 | Vaults:1 | Reached skill level 10 in Shields
 33353 | Vaults:2 | Found Meev's Armour Shop.
 34524 | Vaults:2 | Noticed Boris
 34534 | Vaults:2 | Killed Boris
 35366 | Vaults:2 | Found Ykhauck's Jewellery Shoppe.
 35811 | Vaults:2 | Reached skill level 15 in Shields
 35932 | Vaults:2 | HP: 7/192 [ironbound thunderhulk/bolt of lightning (48)]
 35933 | Vaults:2 | Killed from afar by an ironbound thunderhulk

Illustrated notes

Levels and vault maps discovered:
D:1:      nicolae_arrival_memento_mori, layout_rooms
D:2:      layout_loops_ring
D:3:      layout_rooms, nicolae_overflow_hidden_temple,
          nicolae_overflow_ecumenical_swirl, chequers_garden,
          nicolae_figureground_pulse, uniq_natasha
D:4:      layout_gridville
D:5:      layout_loops_cross, slow_altar_1, mainiacjoe_overflow_brackets,
          dreamdust_gnoll_farm, uniq_eustachio
D:6:      layout_rooms, lemuel_tele_altar, serial_shops, shop
D:7:      minmay_skewed_foursquare, layout_gridville, minmay_temple_entry_ruins,
          minmay_starry_boxes, uniq_jeremiah
D:8:      layout_loops_cross, minmay_parallelograms, minmay_shop_grid_forest
D:9:      layout_long_grid, yredelemnul_altar_generic,
          due_lair_maze_entry_diamond
D:10:     layout_roguey, nicolae_dithmenos_through_a_glass_darkly,
          kennysheep_mini
D:11:     layout_grid_maze, portal_ice_cave_entry_imps, uniq_fannar
D:12:     layout_basic, david_orc_4, uniq_frances
D:13:     layout_gridville, david_vaults_4
D:14:     layout_rooms, nicolae_ru_path_of_blood
D:15:     hellmonk_depths_entry_around_the_bend, layout_stronghold,
          pdpol_wu_jian_five_deadly_venoms
Temple:   nicolae_temple_bog_church
Lair:1:   layout_regular_city, gauntlet_entry_generic,
          nicolae_lair_grazing_beasts [nicolae_sub_lair_graze_edge,
          nicolae_sub_lair_graze_edge, nicolae_sub_lair_graze_edge,
          nicolae_sub_lair_graze_edge]
Lair:2:   layout_misc_corridors, mainiacjoe_swamp_entry_lozenge_pond,
          nzn_sisyphean_effort
Lair:3:   layout_gridlike, spider_nest_entry_web_field, basic_altar,
          maelrawn_ghost_gauntlet_escape, serial_bayou_pond_a,
          grunt_megastairs_2, serial_bayou_shore_a, lemuel_fruit_tree
Lair:4:   layout_roguey, infiniplex_staircase_pool, grunt_megastairs_5,
          serial_bayou_shore_b, lemuel_fruit_fields, lemuel_fruit_fields
Lair:5:   hellmonk_lair_end_abyssal_woods, layout_small_grid, slime_entry_2,
          minivault_27, serial_bayou_shore_b, uniq_sonja
Swamp:1:  gammafunk_worm_tunnel, layout_basic_swamp,
          evilmike_swamp_ruin_rubble_2, swamp_pool_1_2,
          nicolae_swamp_frolicking_bunyips
Swamp:2:  layout_basic_swamp, evilmike_swamp_ruin_house_4
Swamp:3:  layout_basic_swamp, nicolae_swamp_little_swirl,
          nicolae_swamp_decorative_isthmus, infiniplex_staircase_pool_2
Swamp:4:  swamp_icy, layout_basic_swamp, uniq_louise
Spider:1: nicolae_spider_mines_3, hangedman_spider_tarantella_strand,
          uniq_rupert
Spider:2: layout_spider_delve, drop_trap
Spider:3: layout_spider_delve, nicolae_spider_eight_legs, uniq_agnes
Spider:4: guppyfry_spider_rune, uniq_bai_suzhen, uniq_arachne
Orc:1:    dreamdust_dug_too_deep, layout_caves
Orc:2:    st_orc_open, layout_caves, serial_shops, shop
Vaults:1: hellmonk_ghost_happy_afterlife, vaults_room_corners,
          nicolae_vaults_shipping_containers_7, ontoclasm_vaults_ring_small,
          hangedman_vaults_stitches, ontoclasm_vaults_gateway, v_alt_pattern_6,
          nicolae_vaults_house_1, nicolae_vaults_doubleplus_tesselated,
          v_misc_18, vaults_room_grunt_arrival_ludios, v_alt_pattern_4,
          layout_vaults_omnibox, serial_shops, shop
Vaults:2: nicolae_vaults_hallways_thing, hangedman_vaults_trim,
          nicolae_vaults_six-pack, nicolae_vaults_wine_cellar,
          grunt_vaults_swirl, nicolae_vaults_sightless_eye,
          nicolae_vaults_trapezoid_layered, vaults_room_door_hall,
          nicolae_vaults_tetromino_T_1, nicolae_vaults_tetromino_T_1,
          nicolae_vaults_ring_of_whatevers,
          nicolae_vaults_antechamber_and_loot_room, vaults_room_grid,
          layout_vaults_omnicross, serial_shops, shop, nicolae_shop_stone,
          nicolae_lakefront_shop, uniq_boris

Skill      XL: |  1  2  3  4  5  6  7  8  9 10 11 12 13 14 15 16 17 18 |
---------------+-------------------------------------------------------+-----
Shields        | 4 8 15 | 15.3
Axes           | 3 4 5 6 7 9 10 11 12 14 16 | 16.0
Fighting       | 4 6 8 10 11 14 16 18 22 24 | 24.6
Armour         | 4 6 8 10 13 15 16 | 16.0
Dodging        | 2 6 10 | 10.0
Invocations    | 4 9 11 12 | 12.0
Evocations     | 4 7 8 |  8.0

Action                     |  1- 3 |  4- 6 |  7- 9 | 10-12 | 13-15 | 16-18 || total
---------------------------+-------+-------+-------+-------+-------+-------++-------
  Melee: War axe           |    77 |    84 |   217 |   325 |   664 |   877 ||  2244
         Headbutt          |     8 |    13 |    25 |    80 |   181 |   295 ||   602
  Throw: Dart              |       |       |       |     3 |    16 |    30 ||    49
 Invoke: Divine Shield     |       |       |       |     1 |     4 |     8 ||    13
         Cleansing Flame   |       |       |       |       |       |     1 ||     1
  Evoke: Wand              |       |       |       |     2 |     5 |     1 ||     8
         Lightning rod     |       |       |       |       |     6 |       ||     6
         Phantom mirror    |       |       |       |       |     2 |       ||     2
    Use: Scroll            |       |       |     4 |     4 |    17 |    15 ||    40
         Potion            |       |       |       |       |     1 |     4 ||     5
 Armour: Scale mail        |    59 |    67 |   146 |   217 |   434 |   567 ||  1490
         Plate armour      |       |       |       |       |       |   305 ||   305
         Skin              |       |       |       |       |       |     1 ||     1
  Dodge: Dodged            |    25 |    34 |    73 |   117 |   369 |   543 ||  1161
  Block: Buckler           |    17 |    15 |    57 |    55 |   145 |   229 ||   518
         Kite shield       |       |       |       |       |       |   122 ||   122

Table legend: (Time is in decaauts)
 A = Elapsed time spent in this place.
 B = Non-inter-level travel time spent in this place.
 C = Inter-level travel time spent in this place.
 D = Time resting spent in this place.
 E = Time spent auto-exploring this place.
 F = Levels seen in this place.
 G = Mean time per level.
                   A        B        C        D        E       F      G
               +--------+--------+--------+--------+--------+-----+--------+
         Total |  35563 |  32903 |   2660 |   9461 |  18036 |  34 | 1046.0 |
       Dungeon |  13153 |  11835 |   1318 |   1826 |   8086 |  15 |  876.9 |
        Temple |      3 |      3 |      0 |      0 |      0 |   1 |    3.0 |
          Lair |   5527 |   4943 |    584 |    764 |   3254 |   5 | 1105.4 |
         Swamp |   3264 |   3173 |     91 |    838 |   1674 |   4 |  816.0 |
   Spider Nest |   6467 |   6038 |    429 |   2746 |   2403 |   4 | 1616.8 |
  Orcish Mines |   1531 |   1385 |    146 |    339 |    833 |   2 |  765.5 |
        Vaults |   4767 |   4677 |     90 |   2658 |   1426 |   2 | 2383.5 |
      Gauntlet |    848 |    848 |      0 |    290 |    360 |   1 |  848.0 |
               +--------+--------+--------+--------+--------+-----+--------+

Top non-repeatable levels by time:
Vaults:1: 3308 daAuts
Spider:1: 2148 daAuts
Spider:2: 1941 daAuts
  Lair:5: 1654 daAuts
Vaults:2: 1459 daAuts
    D:13: 1414 daAuts
Spider:4: 1332 daAuts
    D:11: 1190 daAuts
     D:3: 1134 daAuts
  Lair:2: 1115 daAuts
    D:12: 1110 daAuts
Spider:3: 1044 daAuts
    D:10: 993 daAuts
 Swamp:3: 989 daAuts
  Lair:1: 966 daAuts
